 Dungeon Crawl Stone Soup version 0.31.0-11-ge490571c62 (webtiles) character file.

Game seed: 8379996716698295851

35 qw the Shooter (level 3, 0/20 HPs)
             Began as a Deep Elf Hunter on Feb 3, 2024.
             Slain by a hobgoblin (6 damage)
             ... led by Robin
             ... on level 2 of the Dungeon.
             The game lasted 00:00:04 (987 turns).

qw the Shooter (Deep Elf Hunter)                     Turns: 987, Time: 00:00:04

Health: 0/20       AC:  4    Str: 10    XL:     3   Next: 16%
Magic:  5/5        EV: 12    Int: 13    God:
Gold:   58         SH:  0    Dex: 18    Spells: 2/2 levels left

rFire   . . .        a - +1 shortbow
rCold   . . .        (shield currently unavailable)
rNeg    . . .        c - +0 leather armour
rPois   .            d - +0 helmet
rElec   .            (no cloak)
rCorr   .            (no gloves)
SInv    .            (no boots)
Will    .....        (no amulet)
Stlth   ++           (no ring)
HPRegen 0.23/turn    (no ring)
MPRegen 0.09/turn

%: no passive effects
@: no status effects
A: no striking features
a: no special abilities


You were on level 2 of the Dungeon.
You visited 1 branch of the dungeon, and saw 2 of its levels.

You collected 58 gold pieces.


   Skills:
 - Level 1.5 Fighting
 + Level 6.7 Ranged Weapons
 - Level 2.4 Dodging
 - Level 1.2 Stealth


You had 2 spell levels left.
You didn't know any spells.
Your spell library was empty.

Inventory:

Hand Weapons
 a - a +1 shortbow (weapon)
Armour
 c - a +0 leather armour (worn)
 d - a +0 helmet (worn)
Potions
 b - a potion of attraction {unknown}
 h - a potion of haste {unknown}
 i - a potion of brilliance {unknown}
 j - a potion of mutation {unknown}

Dungeon Overview and Level Annotations

Branches:
Dungeon (2/15)

Altars:

Shops:
D:1 *

Annotations:
D:2 Robin


Message History

The goblin barely misses you.
There is an open door here.
975 ||| RETREEEEATING.
976 ||| RETREEEEATING.
The hobgoblin attacks as it pursues you!
The hobgoblin closely misses you. The goblin misses you.
977 ||| RETREEEEATING.
The hobgoblin attacks as it pursues you!
The hobgoblin hits you but does no damage.
978 ||| RETREEEEATING.
The goblin attacks as it pursues you! The goblin barely misses you.
You shoot an arrow. The arrow hits the goblin.
You kill the goblin!
You have reached level 3!
Your experience leads to an increase in your attributes!
Increase (S)trength, (I)ntelligence, or (D)exterity?
You feel stronger. x2
You shoot an arrow. The arrow closely misses the hobgoblin.
The arrow hits the hobgoblin but does no damage.
The hobgoblin misses you.
You shoot an arrow. The arrow hits the hobgoblin!
You kill the hobgoblin!
You shoot an arrow. The arrow barely misses the goblin.
The arrow closely misses the hobgoblin.
The arrow hits the goblin.
You kill the goblin!
The goblin no longer looks unusually strong.
The goblin barely misses you.
You shoot an arrow. The arrow hits the goblin!
You kill the goblin!
You shoot an arrow. The arrow hits the goblin!
You kill the goblin!
You shoot an arrow. The arrow hits the frilled lizard!
You kill the frilled lizard!
You shoot an arrow. The arrow hits the goblin.
You kill the goblin!
Robin throws the goblin at you!
You shoot an arrow. The arrow hits the goblin!
You kill the goblin!
The hobgoblin hits you.
You die...

########### #.........#
#.#######.# #.#....##.#
#.#.##....# #######
#.#.##.####
........####.#.#########
........)%)..).g@)......
g.....#'####'#g##.######
#g.............##.# #
###...........#.# .
.........#.#.# g
#........#<#.# ..
##+#########.# .. .. ...


You could see Robin and a hobgoblin (strong).

Vanquished Creatures
  A dart slug (D:1)
  An endoplasm (D:1)
  3 giant cockroaches (D:1)
  9 goblins
  5 hobgoblins
  2 ball pythons (D:1)
  3 bats (D:1)
  2 frilled lizards
  5 kobolds (D:1)
  3 rats (D:1)
34 creatures vanquished.

Notes
Turn   | Place    | Note
-------+----------+-------------------------------------------
     0 | D:1      | qw the Deep Elf Hunter began the quest for the Orb.
     0 | D:1      | Reached XP level 1. HP: 12/12 MP: 3/3
     0 | D:1      | 0 ||| qw: Version: 0.3-a-155-g5e7d8dd
     0 | D:1      | 0 ||| qw: Game counter: 3439
     0 | D:1      | 0 ||| qw: Melee chars always use a shield: true
     0 | D:1      | 0 ||| qw: God list: Okawaru
     0 | D:1      | 0 ||| qw: Allow faded altars: false
     0 | D:1      | 0 ||| qw: Do Orc after clearing Dungeon:15 true
     0 | D:1      | 0 ||| qw: Do second Lair branch before Depths: true
     0 | D:1      | 0 ||| qw: Lair rune preference: random
     0 | D:1      | 0 ||| qw: Goals: Normal
     0 | D:1      | 0 ||| PLANNING D:1-11
   200 | D:1      | Reached skill level 6 in Ranged Weapons
   200 | D:1      | Reached XP level 2. HP: 15/16 MP: 4/4
   212 | D:1      | Found Isets's Assorted Antiques.
   235 | D:1      | 235 ||| SHOPLISTING blue potion (23 gold, have 13).
   235 | D:1      | 235 ||| SHOPLISTING scroll labelled OSESAS IMIUBIRREA (26
                  | gold, have 13).
   235 | D:1      | 235 ||| SHOPLISTING scroll labelled TAC GUARYNUV (26 gold,
                  | have 13).
   235 | D:1      | 235 ||| SHOPLISTING scroll labelled WAGHAME FUSTI (26 gold,
                  | have 13).
   235 | D:1      | 235 ||| SHOPLISTING scroll labelled ZIUMUX VUINUOZ (26
                  | gold, have 13).
   866 | D:1      | 866 ||| UPGRADING to +0 helmet.
   871 | D:1      | 871 ||| READING scroll labelled PUTHRU KIEG.
   872 | D:1      | 872 ||| READING scroll labelled ZIUMUX VUINUOZ.
   873 | D:1      | 873 ||| READING scroll labelled EFROPISAYC.
   873 | D:1      | 873 ||| ENCHANTING +0 shortbow.
   874 | D:1      | 874 ||| DROPPING scroll of butterflies.
   895 | D:2      | Noticed Robin
   896 | D:2      | 896 ||| STAIRDANCE
   968 | D:2      | 968 ||| RETREEEEATING.
   972 | D:2      | 972 ||| RETREEEEATING.
   972 | D:2      | HP: 2/16 [goblin/+0 dagger[Robin] (5)]
   973 | D:2      | 973 ||| RETREEEEATING.
   974 | D:2      | 974 ||| RETREEEEATING.
   975 | D:2      | 975 ||| RETREEEEATING.
   976 | D:2      | 976 ||| RETREEEEATING.
   977 | D:2      | 977 ||| RETREEEEATING.
   978 | D:2      | 978 ||| RETREEEEATING.
   980 | D:2      | Reached XP level 3. HP: 4/20 MP: 5/5
   987 | D:2      | Slain by a hobgoblin

Levels and vault maps discovered:
D:1:      dpeg_arrival_circle_labyrinth_c, layout_basic, serial_shops,
          nicolae_shop_overgrown_old_shop, fountainhead,
          corexii_item_surrounded_by_moat, minivault_11
D:2:      layout_basic, uniq_robin

Skill      XL: |  1 |
---------------+----+-----
Ranged Weapons | 6 |  6.7
Fighting       | |  1.5
Dodging        | |  2.4
Stealth        | |  1.2

Action                     || total
---------------------------++-------
   Fire: Shortbow          ||    65
    Use: Scroll            ||     3
 Armour: Leather armour    ||    14
  Dodge: Dodged            ||    19

Table legend:
 A = Non-vault XP
 B = Vault XP
 C = Vault XP percentage of total XP
 D = Non-vault monster count
 E = Vault monster count
 F = Vault count percentage of total count
                 A         B        C        D         E       F
            +---------+---------+-------+---------+---------+-------
      Total |      35 |      16 |  31.4 |      24 |      10 |  29.4
            +---------+---------+-------+---------+---------+-------
        D:1 |      34 |       1 |   2.9 |      23 |       1 |   4.2
        D:2 |       1 |      15 |  93.8 |       1 |       9 |  90.0
            +---------+---------+-------+---------+---------+-------
